 Dungeon Crawl Stone Soup version 0.24.1 (webtiles) character file.

Game seed: 12781604612327566461, levelgen mode: deterministic

16130 grulito the Thaumaturge (level 12, -1/73 HPs)
             Began as a Gargoyle Earth Elementalist on Mar 28, 2020.
             Was a High Priest of Vehumet.
             Slain by an orc knight
             ... wielding a +0 battleaxe
              (40 damage)
             ... on level 11 of the Dungeon.
             The game lasted 01:35:01 (12236 turns).

grulito the Thaumaturge (GrEE)                     Turns: 12236, Time: 01:35:02

Health: -1/73      AC: 17    Str: 19    XL:     12   Next: 34%
Magic:  21/27      EV: 15    Int: 19    God:    Vehumet [*****.]
Gold:   737        SH:  2    Dex:  7    Spells: 25/34 levels left

rFire    . . .     SeeInvis .   J - +3 whip of Valuable Assets {slash, *Drain +Blink Str+5 Dex-3}
rCold    . . .     Gourm    .   B - +0 buckler
rNeg     + . .     Faith    .   L - +2 ring mail {MR+}
rPois    ∞         Spirit   .   (no helmet)
rElec    +         Reflect  .   (no cloak)
rCorr    .         Harm     .   I - +0 pair of gloves
MR       +....                  (no boots)
Stlth    ++........             i - amulet of regeneration
HPRegen  0.62/turn              p - +3 ring of evasion
MPRegen  0.20/turn              (no ring)

@: no status effects
A: negative energy resistance 1, electricity resistance, unbreathing,
petrification resistance, rot immunity, AC +8
a: Renounce Religion, Evoke Blink


You were on level 11 of the Dungeon.
You worshipped Vehumet.
Vehumet was extremely pleased with you.
You were not hungry.

You visited 2 branches of the dungeon, and saw 13 of its levels.
You also visited: Sewer.

You collected 737 gold pieces.

Inventory:

Hand Weapons
 J - the +3 whip of Valuable Assets (weapon) {slash, *Drain +Blink Str+5 Dex-3}
   (You found it on level 7 of the Dungeon)

   It inflicts extra damage upon your enemies.
   It affects your strength (+5).
   It affects your dexterity (-3).
   It lets you blink.
   It causes draining when unequipped.
 O - a cursed +0 flail
 Q - the +3 dagger of Digras Efofo {drain, *Slow rPois Dex+2}
   (You found it on level 8 of the Dungeon)

   A truly terrible weapon, it drains the life of those it strikes.
   It affects your dexterity (+2).
   It protects you from poison.
   It may slow you when you take damage.
 V - a cursed -2 halberd
Missiles
 b - 13 stones (quivered)
Armour
 c - a +0 robe
 g - a +1 scale mail of cold resistance
 B - a +0 buckler (worn)
 G - a +2 robe of positive energy
 I - a +0 pair of gloves (worn)
 L - a +2 ring mail of magic resistance (worn)
Magical Staves
 E - an uncursed staff of air
 Z - an uncursed staff of power {unknown}
Jewellery
 a - the cursed ring of Zousin Zam {rF+ Int-4 Dex+4, unknown}
   (You found it on level 10 of the Dungeon)

   [ring of intelligence]

   It affects your intelligence (-4).
   It affects your dexterity (+4).
   It protects you from fire.
   It has a curse placed upon it.
 i - an amulet of regeneration (around neck)
 l - an uncursed amulet of faith {unknown}
 p - a +3 ring of evasion (left hand)
 D - an uncursed ring of resist corrosion {unknown}
 R - an uncursed ring of protection from fire {unknown}
 U - an uncursed amulet of the gourmand {unknown}
 W - an uncursed amulet of harm {unknown}
 X - an uncursed ring of protection from magic {unknown}
Wands
 o - a wand of polymorph (13)
 C - a wand of paralysis (14)
 H - a wand of flame (15)
 N - a wand of acid (3)
Scrolls
 f - a scroll of enchant weapon
 h - 3 scrolls of magic mapping
 q - a scroll of enchant armour
 u - 2 scrolls of remove curse
 y - 2 scrolls of teleportation
 A - a scroll of identify
 T - a scroll of amnesia
Potions
 e - 3 potions of haste {unknown}
 j - 5 potions of might
 k - 3 potions of resistance {unknown}
 m - 3 potions of berserk rage
 n - a potion of degeneration {unknown}
 r - 5 potions of flight
 s - a potion of experience {unknown}
 t - a potion of heal wounds
 v - a potion of cancellation {unknown}
 w - 2 potions of lignification
 x - 6 potions of curing
 z - a potion of brilliance {unknown}
 F - a potion of agility {unknown}
 S - a potion of mutation {unknown}
Miscellaneous
 Y - a crystal ball of energy
Comestibles
 d - 12 rations


   Skills:
 * Level 7.6 Fighting
 - Level 2.3 Short Blades
 - Level 2.2 Maces & Flails
 - Level 1.0 Polearms
 + Level 3.4 Armour
 * Level 6.6 Dodging
 + Level 4.0 Stealth
 - Level 0.2 Shields
 - Level 11.5 Spellcasting
 * Level 4.2 Conjurations
   Level 0.7 Transmutations
 - Level 11.0 Earth Magic


You had 25 spell levels left.
You knew the following spells:

 Your Spells              Type           Power        Failure   Level  Hunger
a - Sandblast             Erth           ######       1%          1    None
b - Stone Arrow           Conj/Erth      #####.       1%          3    None
c - Lee's Rapid Deconstr  Erth           ######....   1%          5    ####...

Your spell library contained the following spells:

 Spells                   Type           Power        Failure   Level  Hunger
 Bolt of Cold             Conj/Ice       ###.......   94%         6    ######.
 Passwall                 Tmut/Erth      ####....     2%          2    None
 Ignite Poison            Fire/Tmut/Pois ##......     13%         3    None
 Petrify                  Tmut/Erth      ####....     16%         4    ##.....
 Infusion                 Chrm           ##..         19%         1    None
 Shroud of Golubria       Chrm/Tloc      ##....       26%         2    None
 Song of Slaying          Chrm           ##......     26%         2    None
 Irradiate                Conj/Tmut      ###.......   41%         5    ####...
 Regeneration             Chrm/Necr      ##........   47%         3    None
 Spectral Weapon          Hex/Chrm       ##......     47%         3    None
 Summon Lightning Spire   Summ/Air       ##......     87%         4    ##.....
 Conjure Ball Lightning   Conj/Air       ###.......   94%         6    ######.
 Alistair's Intoxication  Tmut/Pois      ##......     99%         5    ####...
 Silence                  Hex/Air        ##........   99%         5    ####...
 Deflect Missiles         Chrm/Air       ##........   100%        6    ######.
 Tornado                  Air            ##........   100%        9    #######
 Sublimation of Blood     Necr           Unusable     N/A         2    N/A

Dungeon Overview and Level Annotations

Branches:
Dungeon (11/15)            Temple (0/1) D:6            Lair (0/6) D:9
    Orc (2/2) D:11          Sewer (visited)
    Elf: Orc:2

Altars:
Dithmenos
Elyvilon
Gozag
Makhleb
Okawaru
Qazlal
Ru
Sif Muna
Vehumet
Wu Jian
Xom
Zin

Shops:
D:9 %

Annotations:
D:8 Maurice


Innate Abilities, Weirdness & Mutations

You are resistant to torment.
Your stone body is resilient. (AC +8)
You are immune to poison.
You resist negative energy. (rN+)
You are resistant to electric shocks. (rElec)
You can survive without breathing.
You are immune to petrification.
You are immune to rotting.


Message History

The orc knight is moderately wounded.
The bolt of acid misses the orc knight.
Casting: Lee's Rapid Deconstruction (safe; 1% risk of failure)
Confirm with . or Enter, or press ? or * to list all spells.
Aiming: Stone Arrow (safe; 1% risk of failure)
Press: ? - help, Shift-Dir - straight line, f/p - orc knight
Aim: an orc knight, wielding a +1 battleaxe and wearing a +0 chain mail (unusually strong)
The stone arrow misses the orc knight.
The stone arrow hits the orc knight!
The orc knight is lightly wounded.
The orc knight hits you with a +0 battleaxe!
Casting: Stone Arrow (safe; 1% risk of failure)
Confirm with . or Enter, or press ? or * to list all spells.
Aiming: Stone Arrow (safe; 1% risk of failure)
Press: ? - help, Shift-Dir - straight line, f - orc knight, p - orc knight
Aim: an orc knight, wielding a +0 battleaxe and wearing a +0 plate armour (moderately wounded, unusually strong)
The stone arrow hits the orc knight!
The orc knight is moderately wounded.
The orc knight hits you with a +0 battleaxe!!!
Ouch! That really hurt!
You die...

.# #..###########.##...# .#
#..##...#####...'...#
.########..##.8.......8.##..#
...........##...#####...#...#####
............##.#'###'####........
............##.##$.)## ######...
########....##.##h>.# #...
............##.##oo)## ######...
............##.#@###)####........
...........>#...#####[.[#........
####........'.8...)).)8['........
#........#...#####)..#[.......
#........##########[##).......
#...................[.........
####....................[........
.................................
.................................


You could see 2 orc knights and a warg.

Vanquished Creatures
  Harold (D:7)
  A hydra (D:10)
  A centaur warrior (D:10)
  3 two-headed ogres (D:10)
  An orc sorcerer (Orc:1)
  A gargoyle (D:10)
  A meliai (D:10)
  A troll (D:10)
  2 hippogriffs
  Grinder (D:3)
  2 dream sheep (D:10)
  A wraith (D:10)
  A shadow (D:11)
  5 yaks (D:10)
  5 wyverns
  Grum (D:8)
  2 hungry ghosts (D:9)
  A vampire mosquito (D:10)
  A soldier ant (D:11)
  3 hell hounds (D:10)
  4 sky beasts
  4 black bears
  5 orc warriors
  A necrophage (D:9)
  4 ice beasts
  2 wolves (D:8)
  2 phantoms
  3 ogres
  3 centaurs
  5 big kobolds
  Blork the orc (D:6)
  10 bullfrogs
  2 scorpions
  17 wights
  4 howler monkeys
  3 crimson imps
  12 jellies
  3 quasits
  A centaur zombie (D:4)
  3 hounds
  13 orc wizards
  2 centaur skeletons
  16 orc priests
  2 bullfrog skeletons
  4 iguanas
  Terence (D:3)
  Natasha (twice) (D:3)
  11 worker ants
  A hound zombie (D:6)
  2 hound skeletons
  2 worker ant zombies
  5 gnolls
  A howler monkey zombie (D:10)
  20 adders
  A shadow imp (D:6)
  6 oozes
  An adder skeleton (D:5)
  An adder zombie (D:10)
  2 worms
  6 dart slugs
  9 leopard geckos
  82 orcs
  8 giant cockroaches
  13 goblins
  5 hobgoblins
  9 jackals
  5 quokkas
  6 ball pythons
  15 bats
  8 frilled lizards
  A giant cockroach zombie (D:5)
  25 kobolds
  2 leopard gecko skeletons (D:5)
  16 rats
427 creatures vanquished.

Vanquished Creatures (collateral kills)
  A centaur (D:9)
  An adder (D:9)
  A leopard gecko (D:9)
3 creatures vanquished.

Vanquished Creatures (others)
  A ball python (D:4)
  A quokka (D:4)
  A plant (D:10)
3 creatures vanquished.

Grand Total: 433 creatures vanquished

Notes
Turn   | Place    | Note
-------+----------+-------------------------------------------
     0 | D:1      | grulito the Gargoyle Earth Elementalist began the quest for
                  | the Orb.
     0 | D:1      | Reached XP level 1. HP: 10/10 MP: 3/3
   169 | D:1      | Reached XP level 2. HP: 15/15 MP: 5/5
   378 | D:1      | Reached XP level 3. HP: 5/19 MP: 0/6
   763 | D:1      | Reached skill level 5 in Earth Magic
  1216 | D:2      | Learned a level 3 spell: Stone Arrow
  1267 | D:2      | Reached XP level 4. HP: 24/24 MP: 5/8
  1550 | D:2      | Reached XP level 5. HP: 28/28 MP: 4/9
  1806 | D:2      | Found a burning altar of Makhleb.
  2281 | D:3      | Reached skill level 1 in Polearms
  2486 | D:3      | Reached XP level 6. HP: 25/32 MP: 5/11
  2675 | D:3      | Noticed Terence
  2692 | D:3      | Found a glowing drain.
  2704 | Sewer    | Entered a sewer
  3585 | D:3      | Noticed Natasha
  3734 | D:4      | Reached XP level 7. HP: 37/37 MP: 11/13
  4020 | D:4      | Found a shimmering altar of Xom.
  4233 | D:4      | Found a white marble altar of Elyvilon.
  4233 | D:4      | Found a shadowy altar of Dithmenos.
  4233 | D:4      | Found a stormy altar of Qazlal.
  4237 | D:4      | Reached skill level 5 in Spellcasting
  4251 | D:4      | Found an ornate altar of the Wu Jian Council.
  4281 | D:4      | Found a radiant altar of Vehumet.
  4353 | D:4      | Became a worshipper of Vehumet
  4446 | D:3      | Noticed Grinder
  4454 | D:3      | Killed Grinder
  4454 | D:3      | Reached skill level 1 in Short Blades
  4454 | D:3      | Reached XP level 8. HP: 28/42 MP: 10/16
  4532 | D:3      | Killed Terence
  4753 | D:3      | Killed Natasha
  4836 | D:3      | Noticed Natasha
  4840 | D:3      | Killed Natasha
  4883 | D:5      | Entered Level 5 of the Dungeon
  4921 | D:5      | Found an ornate altar of the Wu Jian Council.
  5026 | D:5      | Reached skill level 1 in Fighting
  5121 | D:5      | Found a glowing silver altar of Zin.
  5481 | D:5      | Reached * piety under Vehumet
  5481 | D:5      | Offered knowledge of Freeze by Vehumet.
  5550 | D:5      | Learned a level 5 spell: Lee's Rapid Deconstruction
  5595 | D:5      | Found a stormy altar of Qazlal.
  6125 | D:6      | Reached XP level 9. HP: 45/47 MP: 15/18
  6257 | D:6      | Noticed Blork the orc
  6265 | D:6      | Killed Blork the orc
  6873 | D:6      | Found a staircase to the Ecumenical Temple.
  7009 | D:7      | Reached ** piety under Vehumet
  7020 | D:7      | Offered knowledge of Sting by Vehumet.
  7108 | D:7      | Got a crude whip
  7130 | D:7      | Identified the +3 whip of Valuable Assets {slash, *Drain
                  | +Blink Str+5 Dex-3} (You found it on level 7 of the
                  | Dungeon)
  7215 | D:7      | Reached skill level 1 in Conjurations
  7317 | D:7      | Noticed Harold
  7332 | D:7      | Killed Harold
  7332 | D:7      | Reached skill level 1 in Maces & Flails
  7332 | D:7      | Reached skill level 5 in Dodging
  7332 | D:7      | Reached XP level 10. HP: 29/56 MP: 7/22
  7428 | D:8      | Noticed Maurice
  7645 | D:8      | Reached skill level 1 in Armour
  7780 | D:8      | Offered knowledge of Dazzling Spray by Vehumet.
  7870 | D:8      | Got a polished dagger
  7871 | D:8      | Identified the cursed +3 dagger of Digras Efofo {drain,
                  | *Slow rPois Dex+2} (You found it on level 8 of the Dungeon)
  8141 | D:8      | Got a twisted dagger
  8175 | D:8      | Noticed Grum
  8208 | D:8      | Killed Grum
  8621 | D:9      | Found a sacrificial altar of Ru.
  8637 | D:9      | Reached *** piety under Vehumet
  8738 | D:9      | Noticed a death yak
  8741 | D:9      | Found a staircase to the Lair.
  8741 | D:9      | Noticed a death yak
  8757 | D:9      | Found Veiliada's Food Shop.
  8817 | D:9      | Identified a scroll of acquirement
  8938 | D:9      | Noticed a manticore
  8941 | D:10     | Entered Level 10 of the Dungeon
  9086 | D:10     | Offered knowledge of Iskenderun's Mystic Blast by Vehumet.
  9175 | D:10     | Reached skill level 5 in Fighting
  9184 | D:10     | Reached XP level 11. HP: 64/64 MP: 9/24
  9185 | D:10     | Reached skill level 10 in Spellcasting
  9282 | D:10     | Noticed a three-headed hydra
  9302 | D:10     | Killed a three-headed hydra
  9302 | D:10     | Reached skill level 10 in Earth Magic
  9410 | D:10     | Found an iron altar of Okawaru.
  9411 | D:10     | Found a shimmering blue altar of Sif Muna.
  9411 | D:10     | Found an iron altar of Okawaru.
  9411 | D:10     | Found an opulent altar of Gozag.
  9416 | D:10     | Noticed a two-headed ogre
  9427 | D:10     | Noticed a centaur warrior
  9435 | D:10     | Killed a two-headed ogre
  9527 | D:10     | Reached **** piety under Vehumet
  9754 | D:10     | Killed a centaur warrior
  9866 | D:10     | Noticed a two-headed ogre
  9871 | D:10     | Killed a two-headed ogre
  9883 | D:10     | Offered knowledge of Static Discharge by Vehumet.
 10047 | D:10     | Got a fine amber ring
 10378 | D:10     | Noticed a two-headed ogre
 10383 | D:10     | Killed a two-headed ogre
 10403 | D:10     | Reached XP level 12. HP: 72/72 MP: 14/27
 10810 | D:11     | Reached ***** piety under Vehumet
 10829 | D:11     | Offered knowledge of Bolt of Cold by Vehumet.
 10857 | D:11     | Found a staircase to the Orcish Mines.
 11923 | Orc:1    | Entered Level 1 of the Orcish Mines
 11956 | Orc:1    | Noticed a sun demon
 12101 | Orc:2    | Entered Level 2 of the Orcish Mines
 12236 | D:11     | Slain by an orc knight

Levels and vault maps discovered:
D:1:      dpeg_chamrin_arrival_tetris, layout_basic,
          chequers_serial_rivers_marsh, minmay_hexomino_p4
D:2:      minmay_inner_zag, layout_basic, makhleb_grotto_becter
D:3:      layout_basic, first_ration, portal_sewer_entry_a, uniq_grinder,
          uniq_natasha, uniq_terence
D:4:      layout_cave_pools, xom_confusion_cloud,
          minmay_overflow_temple_star_hex, st_stairs_6
D:5:      layout_basic, old_standard_altar, basic_altar,
          nicolae_qazlal_general_emergency
D:6:      layout_basic, minmay_temple_entry_fiery, uniq_blork_the_orc
D:7:      layout_rooms, uniq_harold
D:8:      layout_cave_pods, uniq_grum, uniq_maurice
D:9:      layout_rooms, nicolae_ru_awakened_eye, dpeg_lair_monsters,
          serial_shops, shop
D:10:     minmay_the_grid_octo_2x2 [minmay_the_grid_octo_shrine,
          minmay_the_grid_octo_horde, minmay_the_grid_octo_toaster,
          minmay_the_grid_octo_prize_ultimate_mussel_roller],
          layout_irregular_city, hangedman_ranch [blue_anna_fruit_fields],
          minmay_rotating_lava
D:11:     layout_long_grid, hiddenorc2_lemuel
Orc:1:    layout_caves, nicolae_orc_pool_cavern, mines2_david
Orc:2:    st_orc_open, layout_diamond_mine, basic_altar, ebering_ghost_gozag

Skill      XL: |  1  2  3  4  5  6  7  8  9 10 11 12 |
---------------+-------------------------------------+-----
Earth Magic    | 4 5 6 7 8 9 10 11 | 11.0
Spellcasting   | 3 4 5 6 8 9 11 | 11.5
Polearms       | 1 |  1.0
Dodging        | 2 3 4 5 6 |  6.6
Stealth        | 3 4 |  4.0
Short Blades   | 1 2 |  2.3
Fighting       | 1 3 5 7 |  7.6
Conjurations   | 1 3 4 |  4.2
Maces & Flails | 1 2 |  2.2
Armour         | 1 3 |  3.4
Shields        | |  0.2
Transmutations | |  0.7

Action                   |  1- 3 |  4- 6 |  7- 9 | 10-12 || total
-------------------------+-------+-------+-------+-------++-------
Melee: Unarmed           |     6 |       |       |       ||     6
       Spear             |    18 |   137 |       |       ||   155
       Dagger            |       |    35 |   165 |   171 ||   371
       Whip              |       |       |    42 |   192 ||   234
 Cast: Sandblast         |    34 |    89 |   125 |   141 ||   389
       Stone Arrow       |       |     2 |    19 |   163 ||   184
       Lee's Rapid Decon |       |       |     3 |    13 ||    16
Evoke: Wand              |       |       |       |     4 ||     4
  Use: Scroll            |       |       |     7 |    11 ||    18
       Potion            |       |       |     5 |     4 ||     9
 Stab: Sleeping          |       |     3 |     2 |       ||     5
  Eat: Chunk             |     1 |     5 |     4 |     1 ||    11
       Ration            |       |     1 |     3 |     6 ||    10
Armor: Robe              |    14 |    53 |    90 |       ||   157
       Ring mail         |       |       |    10 |   258 ||   268
Dodge: Dodged            |    20 |   142 |   231 |   516 ||   909
Block: Buckler           |       |       |       |    26 ||    26
